 Dungeon Crawl Stone Soup version 0.32-a0-540-g866d13106e (webtiles) character file.

Game seed: 13327628495974086361

52 cforsyth the Grave Robber (level 3, -3/30 HPs)
             Began as a Mountain Dwarf Necromancer on Feb 29, 2024.
             Slain by a ribbon worm (6 damage)
             ... on level 2 of the Dungeon.
             The game lasted 00:02:48 (1520 turns).

cforsyth the Grave Robber (MDNe)                    Turns: 1520, Time: 00:02:49

Health: -3/30      AC:  3    Str: 12    XL:     3   Next: 60%
Magic:  5/5        EV: 11    Int: 15    God:
Gold:   74         SH:  0    Dex: 10    Spells: 4/5 levels left

rFire   . . .        j - +0 dagger
rCold   . . .        (no shield)
rNeg    . . .        c - +0 leather armour
rPois   .            (no helmet)
rElec   .            (no cloak)
rCorr   .            (no gloves)
SInv    .            (no boots)
Will    .....        (no amulet)
Stlth   +            (no ring)
HPRegen 0.25/turn    (no ring)
MPRegen 0.09/turn

%: no passive effects
@: no status effects
A: runic magic, artefact enchanting
a: no special abilities


You were on level 2 of the Dungeon.
You visited 1 branch of the dungeon, and saw 2 of its levels.

You collected 74 gold pieces.


Innate Abilities, Weirdness & Mutations

Your spellcasting is much less encumbered by armour.
You can use scrolls of enchantment on lesser artefacts.


   Skills:
 + Level 2.4 Fighting
 - Level 1.3 Dodging
 - Level 1.4 Stealth
 - Level 1.7 Spellcasting
 + Level 5.2 Necromancy


You had 4 spell levels left.
You knew the following spells:

 Your Spells              Type           Power      Damage    Failure   Level
X - Necrotise             Necr           68%        1d7       2%          1

Your spell library contained the following spells:

 Spells                   Type           Power      Damage    Failure   Level
 Vampiric Draining        Necr           17%        2d7       9%          3
 Apportation              Tloc           2%         N/A       24%         1
 Sting                    Conj/Alch      4%         1d3       24%         1
 Summon Small Mammal      Summ           4%         N/A       24%         1
 Animate Dead             Necr           17%        N/A       26%         4
 Ensorcelled Hibernation  Hex/Ice        2%         N/A       34%         2
 Passwall                 Erth           1%         N/A       56%         3
 Swiftness                Air            1%         N/A       56%         3
 Curse of Agony           Necr           17%        N/A       58%         5

Inventory:

Hand Weapons
 j - a +0 dagger (weapon)
Armour
 a - a +0 robe
 c - a +0 leather armour (worn)
 m - a +0 helmet
Scrolls
 d - a scroll of immolation {unknown}
 e - a scroll of teleportation {unknown}
 f - 5 scrolls of poison {unknown}
 k - 4 scrolls of identify {unknown}
 l - a scroll of enchant weapon {unknown}
Potions
 b - a potion of magic
 g - a potion of curing {unknown}
 h - a potion of degeneration {unknown}
 i - a potion of heal wounds {@q2}
 n - a potion of brilliance {unknown}

Dungeon Overview and Level Annotations

Branches:
Dungeon (2/15)

Altars:

#.##.# ......##.#### #.#
.. #......##.####
#..##......... # .......
##. # ####.#### ....
.#.# ...[.#
###..#######...# #.##.#
.............# #. #.#
......w@.....# .##. #..
...#####.?######.##.##..
................##.#..#
..?.#####..###..##....#
.. ##.# #......##. #.#
#......#.#
#.###....##.##
#........#.#..
##########....###..


You could see a ribbon worm (catching breath).


Message History

You are too injured to fight recklessly!
You are too injured to fight recklessly!
You are too injured to fight recklessly!
You are too injured to fight recklessly!
You hit the ribbon worm.
The ribbon worm is moderately wounded.
The ribbon worm bites you.
* * * LOW HITPOINT WARNING * * *
You hit the ribbon worm.
The ribbon worm is heavily wounded.
You hit the ribbon worm.
The ribbon worm is heavily wounded.
The ribbon worm expels a string of sticky webbing.
The stream of webbing hits you but does no damage.
You are caught in a web!
The web tears apart.
The ribbon worm bites you.
* * * LOW HITPOINT WARNING * * *
You barely miss the ribbon worm.
The ribbon worm is heavily wounded.
The ribbon worm barely misses you.
You hit the ribbon worm but do no damage.
The ribbon worm is heavily wounded.
The ribbon worm bites you.
* * * LOW HITPOINT WARNING * * *
You hit the ribbon worm.
The ribbon worm is heavily wounded.
You hit the ribbon worm but do no damage.
The ribbon worm is heavily wounded.
The ribbon worm bites you.
You die...

Skill      XL: |  1  2 |
---------------+-------+-----
Fighting       | 1 2 |  2.4
Necromancy     | 5 |  5.2
Dodging        | |  1.3
Stealth        | |  1.4
Spellcasting   | |  1.7

Action                     || total
---------------------------++-------
  Melee: Unarmed           ||    33
         Dagger            ||   120
   Cast: Necrotise         ||    20
    Use: Potion            ||     1
 Armour: Leather armour    ||   102
  Dodge: Dodged            ||   105

Levels and vault maps discovered:
D:1:      wander_arrival_chamber, layout_loops_corners, basic_ecumenical_altar,
          minmay_box_of_dots
D:2:      layout_basic, minmay_statues_item, minmay_vboxes,
          uniq_crazy_yiuf_cottage

Notes
Turn   | Place    | Note
-------+----------+-------------------------------------------
     0 | D:1      | cforsyth the Mountain Dwarf Necromancer began the quest for
                  | the Orb.
     0 | D:1      | Reached XP level 1. HP: 14/14 MP: 3/3
   118 | D:1      | Found a faded altar of an unknown god.
   520 | D:1      | Reached skill level 1 in Fighting
   558 | D:1      | Reached XP level 2. HP: 23/23 MP: 1/4
  1257 | D:2      | Reached skill level 2 in Fighting
  1257 | D:2      | Reached skill level 5 in Necromancy
  1257 | D:2      | Reached XP level 3. HP: 23/29 MP: 3/5
  1518 | D:2      | HP: 3/30 [ribbon worm (6)]
  1520 | D:2      | Slain by a ribbon worm

Vanquished Creatures
  2 adders (D:2)
  A ball python (D:1)
  3 endoplasms
  A goblin (D:2)
  6 hobgoblins
  3 kobolds
  2 quokkas (D:1)
  5 bats
  A frilled lizard (D:1)
  3 rats
27 creatures vanquished.

Vanquished Creatures (collateral kills)
  A dart slug (D:1)
  A goblin (D:2)
  A kobold (D:1)
3 creatures vanquished.

Grand Total: 30 creatures vanquished

Table legend: (Time is in decaauts)
 A = Elapsed time spent in this place.
 B = Non-inter-level travel time spent in this place.
 C = Inter-level travel time spent in this place.
 D = Time resting spent in this place.
 E = Time spent auto-exploring this place.
 F = Levels seen in this place.
 G = Mean time per level.
                   A        B        C        D        E       F      G
               +--------+--------+--------+--------+--------+-----+--------+
         Total |   1519 |   1466 |     53 |      0 |   1134 |   2 |  759.5 |
       Dungeon |   1519 |   1466 |     53 |      0 |   1134 |   2 |  759.5 |
               +--------+--------+--------+--------+--------+-----+--------+

Top non-repeatable levels by time:
     D:1: 1047 daAuts
     D:2: 471 daAuts

Table legend:
 A = Non-vault XP
 B = Vault XP
 C = Vault XP percentage of total XP
 D = Non-vault monster count
 E = Vault monster count
 F = Vault count percentage of total count
                 A         B        C        D         E       F
            +---------+---------+-------+---------+---------+-------
      Total |      47 |      28 |  37.3 |      21 |       9 |  30.0
            +---------+---------+-------+---------+---------+-------
        D:1 |      21 |       8 |  27.6 |      12 |       4 |  25.0
        D:2 |      26 |      20 |  43.5 |       9 |       5 |  35.7
            +---------+---------+-------+---------+---------+-------
